 Dungeon Crawl Stone Soup version 0.27-a0-1202-ge72e49191c (webtiles) character file.

Game seed: 11507768993093041636

9 27snakeeyes612 the Skirmisher (level 2, -2/28 HPs)
             Began as a Naga Fighter on June 4, 2021.
             Slain by a jackal (3 damage)
             ... on level 1 of the Dungeon.
             The game lasted 00:00:08 (47 turns).

27snakeeyes612 the Skirmisher (Naga Fighter)          Turns: 47, Time: 00:00:09

Health: -2/28      AC:  4    Str: 18    XL:     2   Next: 12%
Magic:  2/2        EV:  5    Int:  8    God:
Gold:   0          SH:  8    Dex: 10    Spells: 1/1 levels left

rFire    . . .     SeeInvis +   a - +0 war axe
rCold    . . .     Faith    .   c - +0 kite shield
rNeg     . . .     Spirit   .   b - +0 scale mail
rPois    +         Reflect  .   (no helmet)
rElec    .         Harm     .   (no cloak)
rCorr    .         Rampage  .   (no gloves)
Will     .....                  (no barding)
Stlth    ..........             (no amulet)
HPRegen  0.09/turn              (no ring)
MPRegen  0.08/turn              (no ring)

@: very slow
A: AC +0, large, see invisible, deformed body, poison resistance, slowness 2,
spit poison 1, naga tail 1
a: Spit Poison


You were on level 1 of the Dungeon.
You visited 1 branch of the dungeon, and saw 1 of its levels.

Inventory:

Hand Weapons
 a - a +0 war axe (weapon)
Armour
 b - a +0 scale mail (worn)
 c - a +0 kite shield (worn)
Potions
 d - a potion of might


   Skills:
 + Level 3.2 Fighting
 + Level 2.1 Axes
 + Level 2.5 Armour
 + Level 2.5 Shields


You had one spell level left.
You didn't know any spells.
Your spell library was empty.

Dungeon Overview and Level Annotations

Branches:
Dungeon (1/15)

Altars:


Innate Abilities, Weirdness & Mutations

Your serpentine skin is tough. (AC +0)
You have supernaturally acute eyesight. (SInv)
Armour fits poorly on your strangely shaped body.
Your system is resistant to poisons. (rPois)
You cover ground very slowly.
You can spit poison.
You have a snake-like lower body.


Message History

You block the jackal's attack. The goblin hits you but does no damage.
You closely miss the jackal.
The jackal is almost dead.
You closely miss the goblin. You hit the jackal. You block the jackal's attack.
The jackal barely misses you. The jackal bites you.
The goblin hits you but does no damage.
The jackal bites you but does no damage.
The goblin hits you with a +0 club.
The jackal bites you but does no damage. x2
Unknown command.
You barely miss the jackal.
The jackal is severely wounded.
You hit the goblin. You barely miss the jackal.
You block the jackal's attack. x2
You block the goblin's attack. The jackal bites you.
You block the jackal's attack.
Unknown command.
You miss the jackal.
The jackal is severely wounded.
Your shield prevents you from hitting the jackal.
You closely miss the goblin.
The jackal bites you but does no damage.
The jackal bites you.
* * * LOW HITPOINT WARNING * * *
The goblin hits you with a +0 club.
* * * LOW HITPOINT WARNING * * *
The jackal bites you but does no damage.
You block the jackal's attack. The goblin hits you with a +0 club.
* * * LOW HITPOINT WARNING * * *
You hit the goblin.
You kill the goblin!
You hit the jackal. x2
You kill the jackal!
The jackal bites you but does no damage.
The jackal bites you.
* * * LOW HITPOINT WARNING * * *
You have reached level 2!
You miss the jackal.
The jackal is almost dead.
The jackal bites you.
You die...

#§≈≈≈..§≈≈≈##
###≈≈..§≈### #.(.##
###''########
.....## #...†.....#
......#
#...).....##........
###...........>.....
#......†###.......
#.......†##)....#.
#.......††@h......
#.##.####.........
#.##.# #......... ..
#.# ........#. #..
... ..#........
...........###.
....###.... .....
$...


You could see a jackal.

Vanquished Creatures
  A goblin (D:1)
  A hobgoblin (D:1)
  3 jackals (D:1)
  A ball python (D:1)
  A bat (D:1)
  A rat (D:1)
8 creatures vanquished.

Notes
Turn   | Place    | Note
-------+----------+-------------------------------------------
     0 | D:1      | 27snakeeyes612 the Naga Fighter began the quest for the
                  | Orb.
     0 | D:1      | Reached XP level 1. HP: 21/21 MP: 1/1
    46 | D:1      | HP: 1/21 [jackal (2)]
    47 | D:1      | Reached XP level 2. HP: 1/28 MP: 2/2
    47 | D:1      | Slain by a jackal

Illustrated notes

Levels and vault maps discovered:
D:1:      lightli_molten_gateway, layout_rooms

Action                   || total
-------------------------++-------
Melee: War axe           ||    14
Armor: Scale mail        ||    21
Dodge: Dodged            ||     8
Block: Kite shield       ||    15

Table legend: (Time is in decaauts)
 A = Elapsed time spent in this place.
 B = Non-inter-level travel time spent in this place.
 C = Inter-level travel time spent in this place.
 D = Time resting spent in this place.
 E = Time spent auto-exploring this place.
 F = Levels seen in this place.
 G = Mean time per level.
                   A        B        C        D        E       F      G
               +--------+--------+--------+--------+--------+-----+--------+
         Total |     62 |     62 |      0 |      0 |     27 |   1 |   62.0 |
       Dungeon |     62 |     62 |      0 |      0 |     27 |   1 |   62.0 |
               +--------+--------+--------+--------+--------+-----+--------+

Top non-repeatable levels by time:
     D:1: 62 daAuts
